 Dungeon Crawl Stone Soup version 0.23-a0-419-g0174fd8 (webtiles) character file.

23 Danwar the Skirmisher (level 2, 25/25 HPs)
             Began as a Demonspawn Abyssal Knight on Nov 11, 2018.
             Was a Follower of Lugonu.
             Quit the game on level 1 of the Dungeon.
             The game lasted 00:05:47 (963 turns).

Danwar the Skirmisher (Demonspawn Abyssal Knight)    Turns: 963, Time: 00:05:47

Health: 25/25      AC:  4    Str: 12    XL:     2   Next: 72%
Magic:  3/3        EV: 10    Int: 13    God:    Lugonu [*.....]
Gold:   69         SH:  3    Dex: 12    Spells: 1/1 levels left

rFire    . . .     SeeInvis .   a - +1 hand axe
rCold    . . .     Gourm    .   h - +0 buckler (curse)
rNeg     . . .     Faith    .   b - +0 leather armour
rPois    .         Spirit   .   e - +0 helmet
rElec    .         Reflect  .   (no cloak)
rCorr    .         Harm     .   (no gloves)
MR       .....                  (no boots)
Stlth    +.........             (no amulet)
HPRegen  0.08/turn              (no ring)
MPRegen  0.08/turn              (no ring)

@: no status effects
A: demonic guardian 1
a: Depart the Abyss, Renounce Religion


You were on level 1 of the Dungeon.
You worshipped Lugonu.
Lugonu was aware of your devotion.
You were not hungry.

You visited 1 branch of the dungeon, and saw 1 of its levels.
You visited the Abyss 1 time.

You collected 69 gold pieces.

Inventory:

Hand Weapons
 a - a +1 hand axe (weapon)
Armour
 b - a +0 leather armour (worn)
 e - a +0 helmet (worn)
 h - a cursed +0 buckler (worn)
Scrolls
 f - 2 scrolls of identify {unknown}
 g - 3 scrolls of remove curse {unknown}
 i - 2 scrolls of magic mapping {unknown}
 j - a scroll of enchant armour {unknown}
 k - a scroll of amnesia {unknown}
Potions
 d - a potion of lignification {unknown}
 l - a potion of agility {unknown}
 m - 2 potions of curing {unknown}
Comestibles
 c - a ration


   Skills:
 + Level 3.7 Fighting
 + Level 1.9 Axes
 + Level 1.8 Armour
 + Level 1.1 Dodging
 + Level 2.6 Invocations


You had one spell level left.
You didn't know any spells.
Your spell library was empty.

Dungeon Overview and Level Annotations

Branches:
Dungeon (1/15)

Altars:


Innate Abilities, Weirdness & Mutations

A weak demonic guardian rushes to your aid.


Message History

You kill the rat!
Lugonu accepts your kill.
You closely miss the bat. You block the bat's attack.
You completely miss the bat. The bat hits you but does no damage. x2
The bat hits you. The bat hits you but does no damage.
You miss the bat. The bat hits you but does no damage.
You hit the bat.
You kill the bat!
Lugonu accepts your kill.
m - a golden potion
Found 3 gold pieces.
Found a golden potion.
g - 2 scrolls labeled DEOPTE TUAT (gained 1)
g - 3 scrolls labeled DEOPTE TUAT (gained 1)
You now have 66 gold pieces (gained 7).
You now have 69 gold pieces (gained 3).
m - 2 golden potions (gained 1)
There is an open door here.
Unknown command.
Are you sure you want to abandon this character and quit the game? (Confirm

...≈≈≈≈≈≈≈≈≈≈..........#
...≈≈≈≈≈≈≈≈≈≈..........#
..≈###≈≈≈≈###≈.#.#######
..#...#≈≈#...#.#.#
..#.⌠.#..#.⌠.#.#.#
..#...#..#...#.#.################
...###....###..#.................
..................###############
.....#.####.....@^.......
.......# ##......####### .....###
#......# ###### #......# # #
#......# # # #......# #.##### #
##### #......# #.#.... # #...#
#......# #.#.### # #...#
##......## #.#.###


There were no monsters in sight!

Vanquished Creatures
  A dart slug (D:1)
  5 bats (D:1)
  3 giant cockroaches (D:1)
  3 goblins (D:1)
  A hobgoblin (D:1)
  3 kobolds (D:1)
  5 rats (D:1)
21 creatures vanquished.

Notes
Turn   | Place    | Note
-------+----------+-------------------------------------------
     0 | Abyss:1  | Danwar the Demonspawn Abyssal Knight began the quest for
                  | the Orb.
     0 | Abyss:1  | Reached XP level 1. HP: 18/18 MP: 2/2
     0 | D:1      | Escaped the Abyss
     7 | D:1      | Reached skill level 1 in Dodging
   278 | D:1      | Reached * piety under Lugonu
   278 | D:1      | Gained mutation: A weak demonic guardian rushes to your
                  | aid. [demonic ancestry]
   278 | D:1      | Reached XP level 2. HP: 24/24 MP: 3/3
   963 | D:1      | Quit the game

Vault maps used:
D:1:      dpeg_arrival_water_altar, hex_intersection,
          minmay_misc_feat_secret_circle, fountainhead, minmay_octomino_e4

Skill      XL: |  1 |
---------------+----+-----
Dodging        | 1 |  1.1
Fighting       | |  3.7
Axes           | |  1.9
Armour         | |  1.8
Invocations    | |  2.6

Action                   || total
-------------------------++-------
Melee: Hand axe          ||    55
Invok: Depart the Abyss  ||     1
Armor: Leather armour    ||    31
Dodge: Dodged            ||    41
Block: Buckler           ||     7

Table legend:
 A = Non-vault XP
 B = Vault XP
 C = Vault XP percentage of total XP
 D = Non-vault monster count
 E = Vault monster count
 F = Vault count percentage of total count
                 A         B        C        D         E       F
            +---------+---------+-------+---------+---------+-------
      Total |      28 |       5 |  15.2 |      17 |       4 |  19.0
            +---------+---------+-------+---------+---------+-------
        D:1 |      28 |       5 |  15.2 |      17 |       4 |  19.0
            +---------+---------+-------+---------+---------+-------
